 Dungeon Crawl Stone Soup version 0.29.1-2-gbd0b4ee654 (webtiles) character file.

Game seed: 18069504849940069074

7 jiml777 the Gusty (level 1, -1/14 HPs)
             Began as a Demigod Air Elementalist on Nov 3, 2022.
             Slain by an orc
             ... wielding a +0 hand axe
              (4 damage)
             ... on level 2 of the Dungeon.
             The game lasted 00:03:45 (963 turns).

jiml777 the Gusty (Demigod Air Elementalist)         Turns: 963, Time: 00:03:45

Health: -1/14      AC:  5    Str:  9    XL:     1   Next: 66%
Magic:  5/5        EV: 10    Int: 17    God:
Gold:   31         SH:  0    Dex: 14    Spells: 2/3 levels left

rFire   . . .      SeeInvis .   d - +0 dagger
rCold   . . .      Faith    .   (no shield)
rNeg    . . .      Spirit   .   c - +0 ring mail
rPois   .          Reflect  .   (no helmet)
rElec   .          Harm     .   (no cloak)
rCorr   .          Rampage  .   (no gloves)
Will    .....                   (no boots)
Stlth   +.........              (no amulet)
HPRegen 0.04/turn               (no ring)
MPRegen 0.09/turn               (no ring)

@: no status effects
A: high MP 1, forlorn, divine attributes
a: no special abilities


You were on level 2 of the Dungeon.
You visited 1 branch of the dungeon, and saw 2 of its levels.

You collected 31 gold pieces.

Inventory:

Hand Weapons
 d - a +0 dagger (weapon)
Missiles
 h - 18 stones
Armour
 a - a +0 robe
 c - a +0 ring mail (worn)
Scrolls
 e - a scroll of identify {unknown}
 f - a scroll of teleportation {unknown}
Potions
 b - a potion of magic
 g - a potion of haste {unknown}


   Skills:
 + Level 0.3 Armour
 + Level 1.8 Dodging
 + Level 1.8 Stealth
 + Level 1.8 Spellcasting
 + Level 0.8 Conjurations
 + Level 2.9 Air Magic


You had 2 spell levels left.
You knew the following spells:

 Your Spells              Type           Power      Damage    Failure   Level
a - Shock                 Conj/Air       32%        1d5       26%         1

Your spell library contained the following spells:

 Spells                   Type           Power      Damage    Failure   Level
 Static Discharge         Conj/Air       8%         3-4/arc   36%         2
 Freeze                   Ice            4%         1d3       50%         1
 Swiftness                Air            11%        N/A       45%         3
 Frozen Ramparts          Ice            2%         1d1       86%         3
 Airstrike                Air            5%         2d(1-17)  86%         4
 Hailstorm                Conj/Ice       3%         3d3       99%         4


Dungeon Overview and Level Annotations

Branches:
Dungeon (2/15)


Innate Abilities, Weirdness & Mutations

You have an increased reservoir of magic. (+10% MP)
You shall have no god before yourself.
Your divine heritage dramatically boosts your attributes as you level up.


Message History

You climb downwards.
There is a stone staircase leading up here.
You now have 31 gold pieces (gained 6).
A frilled lizard comes into view.
The frilled lizard bites you but does no damage.
You barely miss the frilled lizard. The frilled lizard bites you.
You hit the frilled lizard.
You kill the frilled lizard!
You see here a frilled lizard corpse.
HP restored.
An orc comes into view. It is wielding a +0 hand axe.
Found a stone staircase leading up.
A bat comes into view.
An endoplasm comes into view.
The orc hits you but does no damage.
You closely miss the orc. The bat hits you but does no damage.
The orc hits you but does no damage.
You barely miss the orc. The bat barely misses you.
The orc hits you with a +0 hand axe.
You hit the orc.
The orc is lightly wounded.
The bat hits you. The orc barely misses you.
You closely miss the orc.
The orc is lightly wounded.
The endoplasm quivers.
The bat hits you but does no damage. The orc barely misses you.
You hit the orc.
The orc is moderately wounded.
The bat hits you but does no damage. The orc hits you with a +0 hand axe.
* * * LOW HITPOINT WARNING * * *
You hit the orc.
The orc is severely wounded.
The bat misses you. The orc hits you but does no damage.
You hit the orc but do no damage.
The orc is severely wounded.
The bat hits you but does no damage. The orc barely misses you.
Found a scroll labelled IKIT VUFABUERE.
Found a stone staircase leading down.
The bat barely misses you. The orc hits you with a +0 hand axe.
You die...

>?.. #. ..... ...
..... ##.#.
.....# ##...#
...... .... .
##...###..##.##
##.......J......
.......bo..#
#######@##.#
#..##########
##.†.........
####..##### #.##
#######.##
.........##
........#.#######
........#.......#


You could see an orc, an endoplasm and a bat.

Vanquished Creatures
  3 bats (D:1)
  A ball python (D:1)
  2 frilled lizards
  2 kobolds (D:1)
  A rat (D:1)
9 creatures vanquished.

Notes
Turn   | Place    | Note
-------+----------+-------------------------------------------
     0 | D:1      | jiml777 the Demigod Air Elementalist began the quest for
                  | the Orb.
     0 | D:1      | Reached XP level 1. HP: 14/14 MP: 5/5
   963 | D:2      | Slain by an orc

Illustrated notes

Levels and vault maps discovered:
D:1:      lightli_arrival_maybe_door_vault, layout_loops_ring,
          serial_bayou_pond_e, nicolae_figureground_pulse
D:2:      layout_basic, basic_ecumenical_altar, serial_aquarium,
          aquarium_bridge_long_separate [aquarium_subvault_bridge,
          aquarium_subvault_window, aquarium_subvault_wall,
          aquarium_subvault_bridge, aquarium_subvault_wall,
          aquarium_subvault_window], aquarium_window_1, aquarium_window_3,
          aquarium_window_fake, aquarium_window_1, aquarium_view_2g,
          kennysheep_pointless_box, minmay_nonomino_d4

Action                   || total
-------------------------++-------
Melee: Dagger            ||    23
 Cast: Shock             ||     7
Armor: Ring mail         ||    39
Dodge: Dodged            ||    35
